 Dungeon Crawl Stone Soup version 0.25.1-9-gc5326a611f (webtiles) character file.

Game seed: 15024292556705857947

5318 pokeman the Thaumaturge (level 10, 0/54 HPs)
             Began as a Deep Elf Wizard on Dec 28, 2020.
             Was a Follower of Vehumet.
             Succumbed to a killer bee's poison
             ... on level 7 of the Dungeon.
             The game lasted 00:31:17 (12423 turns).

pokeman the Thaumaturge (Deep Elf Wizard)          Turns: 12423, Time: 00:31:17

Health: 0/54       AC:  7    Str: 10    XL:     10   Next: 38%
Magic:  5/28       EV: 12    Int: 27    God:    Vehumet [*.....]
Gold:   478        SH:  0    Dex: 13    Spells: 23/34 levels left

rFire    . . .     SeeInvis .   z - +1 spear (freeze)
rCold    . . .     Gourm    .   (no shield)
rNeg     . . .     Faith    .   E - +0 acid dragon scales
rPois    .         Spirit   .   A - +1 hat
rElec    .         Reflect  .   (no cloak)
rCorr    +         Harm     .   (no gloves)
MR       +....                  (no boots)
Stlth    ++........             (no amulet)
HPRegen  0.18/turn              c - +6 ring of strength
MPRegen  0.21/turn              C - ring of flight

@: lethally poisoned (0 -> -2)
A: no striking features
a: Renounce Religion, Evoke Flight


You were on level 7 of the Dungeon.
You worshipped Vehumet.
Vehumet was aware of your devotion.
You were not hungry.

You visited 2 branches of the dungeon, and saw 8 of its levels.
You also visited: Sewer and Bailey.

You collected 478 gold pieces.

Inventory:

Hand Weapons
 z - a +1 spear of freezing (weapon)
Missiles
 k - 116 arrows
 x - 38 bolts
 H - 4 javelins (quivered)
Armour
 v - a +0 leather armour
 A - a +1 hat (worn)
 B - a +0 kite shield
 E - +0 acid dragon scales (worn)
 F - a cursed +0 leather armour
 I - a +2 cloak of preservation
 L - the +7 Kryia's mail coat {PotionHeal*2 rC+}
   (You found it in a bailey)

   It protects you from cold.
Jewellery
 c - a +6 ring of strength (left hand)
 C - a ring of flight (right hand)
Wands
 a - a wand of paralysis (15)
 D - a wand of flame (10)
Scrolls
 e - 8 scrolls of identify {unknown}
 g - 3 scrolls of fear {unknown}
 l - 2 scrolls of enchant armour {unknown}
 m - a scroll of magic mapping {unknown}
 n - 4 scrolls of enchant weapon {unknown}
 s - 5 scrolls of remove curse {unknown}
 t - 2 scrolls of teleportation {unknown}
 y - a scroll of amnesia {unknown}
 J - a scroll of immolation {unknown}
Potions
 b - 2 potions of resistance {unknown}
 f - 8 potions of heal wounds
 h - 3 potions of brilliance {unknown}
 i - a potion of stabbing
 o - 4 potions of curing
 p - a potion of mutation {unknown}
 q - 7 potions of flight {unknown}
 r - 2 potions of haste
 u - a potion of ambrosia {unknown}
 w - a potion of berserk rage {unknown}
 G - a potion of degeneration {unknown}
 K - a potion of might {unknown}
Comestibles
 d - 6 rations
 j - 3 chunks of flesh


   Skills:
 + Level 2.7 Fighting
 - Level 3.2 Armour
 - Level 3.0 Dodging
 - Level 3.0 Stealth
 - Level 3.0 Shields
 * Level 12.9 Spellcasting
 + Level 7.6 Conjurations
 - Level 1.1 Summonings
 - Level 1.1 Translocations
 + Level 6.9 Fire Magic
 - Level 1.0 Air Magic
 - Level 1.2 Poison Magic
 - Level 1.0 Evocations


You had 23 spell levels left.
You knew the following spells:

 Your Spells              Type           Power        Failure   Level  Hunger
a - Magic Dart            Conj           ####         1%          1    None
b - Mephitic Cloud        Conj/Pois/Air  #####...     3%          3    None
c - Call Imp              Summ           ###.....     4%          2    None
d - Blink                 Tloc           N/A          4%          2    None
e - Conjure Flame         Conj/Fire      ######..     1%          3    None

Your spell library contained the following spells:

 Spells                   Type           Power        Failure   Level  Hunger
 Sandblast                Erth           ###...       4%          1    None
 Slow                     Hex            ###.....     8%          2    None


Dungeon Overview and Level Annotations

Branches:
Dungeon (7/15)             Temple (1/1) D:6           Sewer (visited)
 Bailey (visited)

Altars:
Elyvilon
Nemelex Xobeh
Okawaru
Qazlal
Sif Muna
Vehumet
Yredelemnul


Message History

The killer bee is severely wounded.
You feel sick.
Casting: Magic Dart (safe; 1% risk of failure)
Confirm with . or Enter, or press ? or * to list all spells.
Aiming: Magic Dart (safe; 1% risk of failure)
Press: ? - help, Shift-Dir - straight line, f/p - killer bee
Aim: a killer bee (severely wounded, confused)
The magic dart hits the killer bee.
The killer bee is severely wounded.
The killer bee misses you. The killer bee stings you!
* * * LOW HITPOINT WARNING * * *
Casting: Magic Dart (safe; 1% risk of failure)
Confirm with . or Enter, or press ? or * to list all spells.
Aiming: Magic Dart (safe; 1% risk of failure)
Press: ? - help, Shift-Dir - straight line, f/p - killer bee
Aim: a killer bee (severely wounded, confused)
The magic dart hits the killer bee.
You kill the killer bee!
Vehumet accepts your kill.
You die...

. #.#.. ..#.#<..# ...
#.#.# #.#.##...
.....#.#.# #.#'#####
....>'...## #....# #
.....###..# #....####
... #/÷## #....'... ..
#...# #....####
....###†#.######....####
.......@.............).>
#######...y......÷÷...##
###...#.........#
#.#.#.........#
#.#.#........##
#.#..........#
#.#..........#
#.#..........#
#.#..........#


You could see a killer bee (confused).

Vanquished Creatures
  Pikel (D:7)
  An orc knight (Bailey)
  Maggie (D:6)
  Prince Ribbit (D:6)
  Grinder (D:6)
  2 hippogriffs (D:7)
  A hungry ghost (D:7)
  Edmund (D:5)
  5 orc warriors (Bailey)
  A sky beast (D:7)
  3 slaves (D:7)
  A centaur (D:7)
  3 ogres
  3 big kobolds (Sewer)
  A gnoll sergeant (D:5)
  3 bullfrogs
  A scorpion (D:5)
  3 killer bees (D:7)
  3 wights (D:7)
  4 howler monkeys
  A crimson imp (D:7)
  A centaur zombie (D:5)
  2 orc priests (D:6)
  A hound (D:6)
  4 orc wizards
  2 bullfrog skeletons
  2 centaur skeletons
  4 gnoll shamans
  Natasha (thrice) (D:2)
  An iguana (D:5)
  3 worker ants (D:6)
  A killer bee zombie (D:6)
  A hound zombie (D:5)
  A hound skeleton (D:6)
  39 gnolls
  8 river rats (Sewer)
  15 adders
  A shadow imp (D:7)
  3 oozes
  A worm (D:2)
  2 dart slugs (D:3)
  5 leopard geckos
  18 orcs
  7 giant cockroaches
  5 goblins
  4 hobgoblins
  32 jackals
  21 kobolds
  4 quokkas
  7 ball pythons
  6 bats
  A frilled lizard (D:4)
  A leopard gecko skeleton (D:4)
  A quokka zombie (D:6)
  22 rats
270 creatures vanquished.

Vanquished Creatures (collateral kills)
  A gnoll (D:5)
1 creature vanquished.

Vanquished Creatures (others)
  A slave (D:7)
1 creature vanquished.

Grand Total: 272 creatures vanquished

Notes
Turn   | Place    | Note
-------+----------+-------------------------------------------
     0 | D:1      | pokeman the Deep Elf Wizard began the quest for the Orb.
     0 | D:1      | Reached XP level 1. HP: 10/10 MP: 7/7
   234 | D:1      | Reached XP level 2. HP: 15/15 MP: 7/9
  1102 | D:2      | You fall into a shaft and drop 2 floors!
  1166 | D:4      | Reached skill level 5 in Spellcasting
  1400 | D:4      | Reached XP level 3. HP: 20/20 MP: 5/11
  1405 | D:4      | Learned a level 3 spell: Mephitic Cloud
  1408 | D:4      | Learned a level 2 spell: Call Imp
  1411 | D:4      | Learned a level 2 spell: Blink
  1415 | D:4      | Learned a level 3 spell: Conjure Flame
  1418 | D:4      | Found a glowing drain.
  1454 | Sewer    | Entered a sewer
  1774 | Sewer    | Reached skill level 1 in Fighting
  1774 | Sewer    | Reached skill level 1 in Armour
  1896 | Sewer    | Noticed a big kobold
  1933 | Sewer    | Reached XP level 4. HP: 5/25 MP: 0/13
  1951 | Sewer    | HP: 1/37 [big kobold/+0 club (1)]
  1957 | Sewer    | Killed a big kobold
  1957 | Sewer    | Reached skill level 6 in Spellcasting
  1957 | Sewer    | Reached skill level 1 in Fire Magic
  1957 | Sewer    | Reached XP level 5. HP: 1/29 MP: 1/15
  2814 | Sewer    | Reached skill level 1 in Air Magic
  2814 | Sewer    | Reached skill level 1 in Poison Magic
  3036 | Sewer    | Reached XP level 6. HP: 24/34 MP: 4/17
  3241 | Sewer    | Reached skill level 7 in Spellcasting
  3921 | D:2      | Noticed Natasha
  3925 | D:2      | Killed Natasha
  5192 | D:3      | Found a white marble altar of Elyvilon.
  5462 | D:3      | Found a stormy altar of Qazlal.
  5616 | D:4      | Reached XP level 7. HP: 39/39 MP: 15/20
  6351 | D:5      | Entered Level 5 of the Dungeon
  6378 | D:5      | Reached skill level 8 in Spellcasting
  6675 | D:5      | Reached skill level 1 in Evocations
  7170 | D:5      | Reached XP level 8. HP: 44/44 MP: 10/22
  7484 | D:5      | Reached skill level 9 in Spellcasting
  7959 | D:5      | Found an iron altar of Okawaru.
  8407 | D:5      | Found a shimmering blue altar of Sif Muna.
  8525 | D:5      | Noticed Edmund
  8566 | D:5      | Killed Edmund
  8566 | D:5      | Reached skill level 5 in Conjurations
  9002 | D:5      | Reached skill level 10 in Spellcasting
  9308 | D:2      | Noticed Natasha
  9313 | D:2      | Killed Natasha
  9453 | D:2      | Noticed Natasha
  9459 | D:2      | Killed Natasha
  9528 | D:6      | Noticed Maggie
  9558 | D:6      | Killed Maggie
  9561 | D:6      | Reached XP level 9. HP: 40/48 MP: 15/25
 10007 | D:6      | Noticed Grinder
 10046 | D:6      | Paralysed by Grinder for 6 turns
 10073 | D:6      | Paralysed by Grinder for 6 turns
 10093 | D:6      | Killed Grinder
 10093 | D:6      | Reached skill level 1 in Shields
 10093 | D:6      | Reached skill level 5 in Fire Magic
 10334 | D:6      | Reached skill level 11 in Spellcasting
 10403 | D:6      | Found a staircase to the Ecumenical Temple.
 10404 | D:6      | Noticed Prince Ribbit
 10419 | D:6      | Killed Prince Ribbit
 10464 | Temple   | Entered the Ecumenical Temple
 10470 | Temple   | Became a worshipper of Vehumet
 10997 | D:7      | Found a flagged portal.
 11006 | Bailey   | Entered a bailey
 11429 | Bailey   | Found the +7 Kryia's mail coat {PotionHeal*2 rC+}
 11449 | Bailey   | Noticed an orc knight
 11470 | Bailey   | Killed an orc knight
 11470 | Bailey   | Reached skill level 12 in Spellcasting
 11663 | D:7      | Reached XP level 10. HP: 53/53 MP: 19/28
 11838 | D:7      | Noticed Pikel
 11867 | D:7      | Killed Pikel
 12062 | D:7      | Reached * piety under Vehumet
 12062 | D:7      | Offered knowledge of Sandblast by Vehumet.
 12422 | D:7      | HP: 1/54 [killer bee (8)]
 12423 | D:7      | Succumbed to a killer bee's poison

Illustrated notes

Levels and vault maps discovered:
D:1:      dpeg_arrival_more_subterranean_lakeside_camping, layout_basic
D:2:      layout_rooms, serial_bayou_lagoon_a, uniq_natasha
D:3:      minmay_spotlight, layout_rooms, lemuel_coloured_pillars_altar,
          first_ration, elyvilon_altar_4
D:4:      layout_basic, gup_sewer_entry_pipe
D:5:      lemuel_castle_with_subvaults [lemuel_castle_interior_carwin_1],
          layout_basic, tgw_sif, minivault_4, okawaru_metal_pillars_1_2,
          uniq_edmund
D:6:      layout_rooms, minmay_temple_entry_overgrown, uniq_maggie,
          uniq_prince_ribbit1, uniq_grinder
D:7:      layout_basic, gammafunk_ghost_split, enter_bailey_8, serial_shops,
          nicolae_shop_crystal, uniq_pikel
Temple:   eino_temple_rhombus

Skill      XL: |  1  2  3  4  5  6  7  8  9 10 |
---------------+-------------------------------+-----
Spellcasting   | 5 6 7 8 10 12 | 12.9
Fighting       | 1 2 |  2.7
Armour         | 1 3 |  3.2
Conjurations   | 2 3 4 5 7 |  7.6
Dodging        | 3 |  3.0
Fire Magic     | 1 3 4 6 |  6.9
Air Magic      | 1 |  1.0
Poison Magic   | 1 |  1.2
Stealth        | 3 |  3.0
Evocations     | 1 |  1.0
Shields        | 2 3 |  3.0
Summonings     | |  1.1
Translocations | |  1.1

Action                   |  1- 3 |  4- 6 |  7- 9 | 10-12 || total
-------------------------+-------+-------+-------+-------++-------
Melee: Unarmed           |    28 |    14 |       |       ||    42
       Short sword       |       |    13 |    73 |       ||    86
       Spear             |       |       |     2 |    22 ||    24
Throw: Javelin           |       |       |     4 |       ||     4
 Cast: Magic Dart        |    92 |   175 |   388 |    99 ||   754
       Mephitic Cloud    |     1 |     4 |    27 |     6 ||    38
       Conjure Flame     |       |       |    13 |     6 ||    19
       Call Imp          |       |       |     5 |       ||     5
       Blink             |       |       |     6 |       ||     6
  Use: Potion            |     3 |     1 |       |     1 ||     5
 Stab: Confused          |       |       |     7 |     2 ||     9
  Eat: Chunk             |     3 |    11 |    18 |     3 ||    35
Armor: Robe              |     6 |     5 |       |       ||    11
       Skin              |       |     7 |       |       ||     7
       Leather armour    |       |     1 |    26 |       ||    27
       Acid dragon scale |       |       |    15 |    12 ||    27
Dodge: Dodged            |    60 |    33 |    93 |    27 ||   213
